 Dungeon Crawl Stone Soup version 0.30-a0-793-g160f7cfddd (webtiles) character file.

Game seed: 5527650479626877675

557658 AzureAlchemist the Convoker (level 26, -32/201 HPs)
             Began as a Barachi Earth Elementalist on Feb 17, 2023.
             Was the Champion of Cheibriados.
             Killed from afar by a fire giant (48 damage)
             ... with a fireball
             ... on level 5 of the Vaults on Feb 19, 2023.
             The game lasted 07:33:42 (77022 turns).

AzureAlchemist the Convoker (BaEE)                 Turns: 77022, Time: 07:33:43

Health: -32/201    AC: 15    Str: 31    XL:     26   Next: 53%
Magic:  47/56      EV: 26    Int: 42    God:    Cheibriados [******]
Gold:   2467       SH: 26    Dex: 30    Spells: 4/65 levels left

rFire   . . .      SeeInvis +    b - +5 hand crossbow (flame)
rCold   + + .      Faith    .    Q - +5 Storm Queen's Shield {shock, Fly rElec}
rNeg    + . .      Spirit   .    K - +0 ring mail of the Storm King {rPois Dex+4 Stlth+}
rPois   +          Reflect  +    E - +0 helmet of Fomnueroril {rN+ Int+2 Stlth+}
rElec   +          Harm     .    Z - scarf {rC+ rF+}
rCorr   .          Rampage  .    g - +3 pair of gauntlets of War {Slay+5}
Will    ++...      Rage     3%   B - +2 pair of boots
Stlth   +++++++                  F - amulet of reflection
HPRegen 0.53/turn                I - ring of Kiptenau {Ice rPois MP+9 Str+4 Stlth+}
MPRegen 0.35/turn                U - ring "Naegod" {Will+ Slay+5 SInv}

@: unable to hop, flying, very slow
A: amphibious, slowness 1, strong legs 2, +LOS, berserk 1, clumsy 1, no potion
heal 1
}: 3/15 runes: decaying, serpentine, abyssal
a: Hop, Renounce Religion, Bend Time, Temporal Distortion, Slouch, Step From
Time


You were on level 5 of the Vaults.
You worshipped Cheibriados.
Cheibriados was exalted by your worship.
You visited 10 branches of the dungeon, and saw 48 of its levels.
You visited the Abyss 4 times.
You visited 1 bazaar.
You also visited: Ossuary, Ice Cave, Volcano, Wizlab and Desolation.

You collected 7005 gold pieces.
You spent 4538 gold pieces at shops.

Inventory:

Hand Weapons
 a - a +9 spectral quick blade
 b - a +5 hand crossbow of flaming (weapon)
 c - the +8 mace of Gin and Tonic {spect, *Noise Int+9 Dex+4}
   (You found it in a wizard's laboratory)

   Int:       It affects your intelligence (+9).
   Dex:       It affects your dexterity (+4).
   *Noise:    It may make noises in combat.
Missiles
 n - a throwing net
Armour
 g - the +3 pair of gauntlets of War (worn) {Slay+5}
   (You acquired it on level 5 of the Dungeon)

   Slay:      It affects your accuracy & damage with ranged weapons and melee
   (+5).
 q - an orb of guile
 B - a +2 pair of boots (worn)
 E - the +0 helmet of Fomnueroril (worn) {rN+ Int+2 Stlth+}
   (You acquired it on level 4 of the Snake Pit)

   Int:       It affects your intelligence (+2).
   rN:        It protects you from negative energy.
   Stlth:     It makes you more stealthy.
 K - the +0 ring mail of the Storm King (worn) {rPois Dex+4 Stlth+}
   (You found it on level 3 of the Snake Pit)

   Dex:       It affects your dexterity (+4).
   rPois:     It protects you from poison.
   Stlth:     It makes you more stealthy.
 Q - the +5 Storm Queen's Shield (worn) {shock, Fly rElec}
   (You took it off a naga on level 3 of the Snake Pit)

   Shock:     When it blocks an attack, it may electrocute the attacker.
   This works even against foes who are a short distance away.
   rElec:     It insulates you from electricity.
   Fly:       It grants you flight.
 Z - a scarf of resistance (worn)
Jewellery
 d - the ring "Zedolam" {Will+ MP+9 Str+5}
   (You took it off a deep elf blademaster on level 3 of the Elven Halls)

   [ring of magical power]

   Str:       It affects your strength (+5).
   MP:        It affects your magic capacity (+9).
   Will:      It increases your willpower.
 s - the ring "Vaom" {Fire rCorr Str+2 Stlth+}
   (You found it in a wizard's laboratory)

   [ring of fire]

   It enhances your fire magic.
   Str:       It affects your strength (+2).
   rF:        It protects you from fire.
   rC:        It makes you vulnerable to cold.
   rCorr:     It protects you from acid and corrosion.
   Stlth:     It makes you more stealthy.
 F - an amulet of reflection (around neck)
 I - the ring of Kiptenau (left hand) {Ice rPois MP+9 Str+4 Stlth+}
   (You found it on level 2 of the Lair of Beasts)

   [ring of ice]

   It enhances your ice magic.
   Str:       It affects your strength (+4).
   rF:        It makes you vulnerable to fire.
   rC:        It protects you from cold.
   rPois:     It protects you from poison.
   MP:        It affects your magic capacity (+9).
   Stlth:     It makes you more stealthy.
 T - a +4 ring of slaying
 U - the ring "Naegod" (right hand) {Will+ Slay+5 SInv}
   (You found it on level 3 of the Lair of Beasts)

   [ring of see invisible]

   Slay:      It affects your accuracy & damage with ranged weapons and melee
   (+5).
   SInv:      It lets you see invisible.
   Will:      It increases your willpower.
Wands
 C - a wand of digging (10)
Scrolls
 f - 3 scrolls of vulnerability
 h - 9 scrolls of poison
 i - 12 scrolls of fog
 j - 15 scrolls of fear
 z - 11 scrolls of teleportation
 D - 3 scrolls of blinking
 L - 5 scrolls of enchant armour
 P - 4 scrolls of silence
 V - 6 scrolls of immolation
Potions
 k - 4 potions of ambrosia
 l - 16 potions of might
 m - 7 potions of mutation
 p - 28 potions of curing
 r - 8 potions of flight
 t - 5 potions of resistance
 u - 10 potions of lignification
 w - 12 potions of attraction
 x - 18 potions of heal wounds
 A - 3 potions of invisibility
 G - 5 potions of cancellation
 N - 4 potions of berserk rage
 O - 6 potions of brilliance
 X - 6 potions of magic
Miscellaneous
 o - a phantom mirror
 v - a phial of floods
 y - a lightning rod (4/4)
 J - a box of beasts


   Skills:
 - Level 15.0 Fighting
 - Level 8.0 Short Blades
 - Level 12.0 Ranged Weapons
 - Level 8.0 Armour
 - Level 15.0 Dodging
 - Level 8.0 Stealth
 - Level 14.0 Shields
 - Level 20.0 Spellcasting
 - Level 15.0 Conjurations
 + Level 9.6 Hexes
 - Level 20.0 Summonings
 - Level 15.0 Necromancy
 - Level 11.0 Translocations
 - Level 7.0 Transmutations
 - Level 5.0 Fire Magic
 - Level 4.0 Air Magic
 - Level 15.0 Earth Magic
 - Level 4.0 Poison Magic
 - Level 11.0 Invocations


You had 4 spell levels left.
You knew the following spells:

 Your Spells              Type           Power      Damage    Failure   Level
a - Borgnjor's Vile Clut  Necr/Erth      53%        N/A       1%          5
b - Passwall              Tmut/Erth      78%        N/A       1%          2
c - Iron Shot             Conj/Erth      53%        9d10      1%          6
d - Petrify               Tmut/Erth      94%        N/A       1%          4
e - Lee's Rapid Deconstr  Erth           53%        3d25*     1%          5
f - Summon Mana Viper     Hex/Summ       100%       N/A       1%          5
g - Spellforged Servitor  Conj/Summ      56%        N/A       1%          7
h - Cause Fear            Hex            44%        N/A       1%          4
i - Inner Flame           Hex/Fire       80%        N/A       1%          3
j - Passage of Golubria   Tloc           94%        N/A       1%          4
k - Freezing Cloud        Conj/Ice/Air   48%        6-21      3%          5
l - Dispel Undead         Necr           100%       3d31      1%          4
m - Enfeeble              Hex            44%        N/A       22%         7

Your spell library contained the following spells:

 Spells                   Type           Power      Damage    Failure   Level
 Apportation              Tloc           100%       N/A       0%          1
 Magic Dart               Conj           100%       1d8       0%          1
 Sandblast                Erth           100%       2d20      0%          1
 Call Imp                 Summ           100%       N/A       0%          2
 Call Canine Familiar     Summ           100%       N/A       0%          3
 Stone Arrow              Conj/Erth      100%       3d13      0%          3
 Summon Guardian Golem    Hex/Summ       100%       N/A       0%          3
 Animate Armour           Summ/Erth      100%       N/A       0%          4
 Beastly Appendage        Tmut           100%       N/A       1%          1
 Freeze                   Ice            100%       1d10      1%          1
 Shock                    Conj/Air       100%       1d9       1%          1
 Blink                    Tloc           100%       N/A       1%          2
 Cigotuvi's Dreadful Rot  Necr/Pois/Air  100%       N/A       1%          2
 Ensorcelled Hibernation  Hex/Ice        100%       N/A       1%          2
 Scorch                   Fire           100%       2d10      1%          2
 Static Discharge         Conj/Air       100%       2-7/arc   1%          2
 Wereblood                Tmut           79%        N/A       1%          2
 Gell's Gravitas          Tloc           94%        N/A       1%          3
 Hailstorm                Conj/Ice       100%       3d20      1%          3
 Ignite Poison            Fire/Tmut/Pois 72%        N/A       1%          3
 Kindle Blastsparks       Fire/Tloc/Air  100%       2d18      1%          3
 Mephitic Cloud           Conj/Pois/Air  82%        N/A       1%          3
 Portal Projectile        Hex/Tloc       100%       N/A       1%          3
 Spider Form              Tmut/Pois      73%        N/A       1%          3
 Swiftness                Air            66%        N/A       1%          3
 Teleport Other           Tloc           94%        N/A       1%          3
 Tukima's Dance           Hex            89%        N/A       1%          3
 Vhi's Electric Charge    Tloc/Air       100%       N/A       1%          3
 Anguish                  Hex/Necr       49%        N/A       1%          4
 Animate Dead             Necr           100%       N/A       1%          4
 Flame Wave               Conj/Fire      90%        2d19      1%          4
 Fulminant Prism          Conj/Hex       49%        3d21      1%          4
 Iskenderun's Mystic Bla  Conj/Tloc      100%       2d19      1%          4
 Leda's Liquefaction      Hex/Erth       49%        N/A       1%          4
 Manifold Assault         Tloc           94%        N/A       1%          4
 Sticky Flame             Conj/Fire      90%        2d10      1%          4
 Summon Ice Beast         Ice/Summ       100%       N/A       1%          4
 Summon Lightning Spire   Summ/Air       97%        N/A       1%          4
 Airstrike                Air            33%        2d(5-21)  2%          4
 Olgreb's Toxic Radiance  Pois           66%        N/A       2%          4
 Ice Form                 Ice/Tmut       82%        N/A       3%          4
 Frozen Ramparts          Ice            100%       1d16      4%          3
 Ozocubu's Armour         Ice            58%        N/A       4%          3
 Arcjolt                  Conj/Air       44%        1d54      1%          5
 Iskenderun's Battlesphe  Conj           100%       2d15      1%          5
 Lightning Bolt           Conj/Air       44%        1d64      1%          5
 Summon Forest            Summ/Tloc      53%        N/A       1%          5
 Yara's Violent Unravell  Hex/Tmut       42%        3d17      1%          5
 Death Channel            Necr           53%        N/A       1%          6
 Summon Cactus Giant      Summ           59%        N/A       1%          6
 Haunt                    Necr/Summ      56%        N/A       1%          7
 Silence                  Hex/Air        39%        N/A       2%          5
 Dispersal                Tloc           47%        N/A       2%          6
 Statue Form              Tmut/Erth      62%        N/A       2%          6
 Starburst                Conj/Fire      45%        6d13      3%          6
 Alistair's Intoxication  Tmut/Pois      48%        N/A       4%          5
 Metabolic Englaciation   Hex/Ice        44%        N/A       5%          5
 Simulacrum               Ice/Necr       51%        N/A       10%         6
 Infestation              Necr           53%        N/A       19%         8
 Lehudib's Crystal Spear  Conj/Erth      53%        10d12     19%         8
 Eringya's Noxious Bog    Tmut/Pois      36%        N/A       22%         6
 Dragon Form              Tmut           39%        N/A       54%         7
 Storm Form               Tmut/Air       36%        N/A       77%         7
 Discord                  Hex            44%        N/A       87%         8
 Ozocubu's Refrigeration  Ice            29%        4d13      100%        7
 Ignition                 Fire           35%        3d11      100%        8


Dungeon Overview and Level Annotations

Branches:
Dungeon (15/15)            Temple (1/1) D:4            Lair (5/5) D:8
  Swamp (4/4) Lair:2        Snake (4/4) Lair:3        Slime (5/5) Lair:5
    Orc (2/2) D:10            Elf (3/3) Orc:2        Vaults (5/5) D:13
  Crypt (0/3) Vaults:2     Depths (4/4) D:15            Zot (0/5) Depths:4
Ossuary (visited)           IceCv (visited)         Volcano (visited)
 WizLab (visited)         Desolation (visited)

Altars:
Ashenzari
Cheibriados
Dithmenos
Elyvilon
Fedhas
Gozag
Hepliaklqana
Kikubaaqudgha
Makhleb
Nemelex Xobeh
Okawaru
Qazlal
Sif Muna
Trog
Uskayaw
Vehumet
Wu Jian
Xom
Yredelemnul
Zin
The Shining One
Jiyva
Lugonu

Shops:
D:2 :   D:6 *   Orc:1 *!   Orc:2 =*((   Elf:1 =::   Elf:3 (*   Snake:4 :!=(
Vaults:1 [   Vaults:3 :   Vaults:4 (!!   Depths:2 :

Portals:
Hell: Depths:1 Depths:2 Depths:3 Depths:4
Abyss: Depths:2 Depths:3
Pandemonium: Depths:2 Depths:4
Ziggurat: Depths:4
Trove: D:11 (give +6 demon trident)

Annotations:
Slime:5 Royal Jelly
Vaults:3 2 transporters, exclusion: obsidian statue


Innate Abilities, Weirdness & Mutations

You are amphibious.
You cover ground slowly.
You can hop long distances.
You have an extended range of vision and can be seen from far away.
You sometimes lose your temper in combat.
You are clumsy. (Dex -2)
Potions are less effective at restoring your health.


Message History

Cheibriados appreciates the change of pace.
The zombie hands constrict the cyan very ugly thing!!
The zombie hands constrict the cyan very ugly thing!!!
The zombie hands constrict the cyan very ugly thing!!
The cyan very ugly thing struggles to escape constriction. x2
The cyan very ugly thing basks in the mutagenic energy from its kin and changes!
The cyan very ugly thing struggles to escape constriction.
Fire: b) +5 hand crossbow (flame)
Press: ? - help, Q - select action, (/) - cycle Shift-Dir - straight line, f/p - cyan very ugly thing
Aim: a cyan very ugly thing (heavily wounded, constricted by zombie hands, 95% to hit)
You shoot a bolt.
The bolt hits the cyan very ugly thing!!
The bolt burns the cyan very ugly thing.
The cyan very ugly thing is heavily wounded.
The zombie hands constrict the cyan very ugly thing!! x2
The zombie hands constrict the green very ugly thing!!
You hear a shout!
The zombie hands release their grip on the cyan very ugly thing.
A fire giant comes into view.
It is wielding a +1 great sword of flaming.
The cyan very ugly thing escapes!
Your spellforged servitor casts a spell at the cyan very ugly thing.
The iron shot hits the cyan very ugly thing!!
The cyan very ugly thing dies!
Cheibriados thoroughly appreciates the change of pace.
The fire giant points at you and mumbles some strange words.
The bolt of fire hits you!!!
* * * LOW HITPOINT WARNING * * *
You hear a deafening roar!
You hear a shout!
Your life force feels restored.
Unknown command.
You swap places.
The zombie hands constrict the green very ugly thing!!
You kill the green very ugly thing!
Cheibriados thoroughly appreciates the change of pace.
The fire giant gestures at you while chanting.
The fireball explodes!
The fireball engulfs your spellforged servitor!
Your spellforged servitor resists.
The fireball engulfs you!!!
You die...

..#,**,,,,,,,**,#..,,,*,,*
#.#,,****##***,,#.#**,*,,*
#.#*,,,,,..,,,,*#.# *,*,,*
#..**####.######..###.*,,*
...,,.......§§§.(†....*,,*
#.#**,***.#*#§#*#u#**,*,,*
#.# *,* #§# #.# #†#**,#,,*
#.###.###.###.###.##..#..#
................@9.......#
#####################C...#
...,,,,,,,,,,,,,,,,,,,,,.#
....,,,,,,,,,,,,,,,,,,,,,*
....,,,,,,,,,,,,,,,,,,,,,*
.....,,,,,,,,,,,,,,,,,,,,*
#####****************,,,,*
,,,,,,,,,,,,,,,,,,,,,,,,,*
.,,,,,,,,,,,,,,,,,,,,,*,,*


You could see a cyan very ugly thing, a fire giant (ally target) and a friendly
spellforged servitor (summoned).

Vanquished Creatures
  A dread lich (Abyss:3)
  Mara (Depths:2)
  3 juggernauts
  Bai Suzhen (Snake:4)
  Vashnia (Snake:2)
  A golden dragon (Depths:4)
  Hellbinder (WizLab)
  2 bone dragons
  The ghost of jasper the Axe Maniac, an adept MiBe of Trog (Vaults:1)
  Zenata (Elf:1)
  Jorgrun (Swamp:1)
  2 tentacled monstrosities
  3 deep elf blademasters
  4 deep elf master archers (Elf:3)
  2 liches (Depths:3)
  19 acid blobs
  Gastronok (Lair:1)
  2 sphinxes
  A tengu reaver (Abyss:3)
  3 tentacled starspawn (Abyss:3)
  Frances (Swamp:1)
  3 thorn hunters
  3 shadow dragons
  5 nagarajas
  Donald (Snake:4)
  7 azure jellies
  Roxanne (Swamp:1)
  3 rockslimes
  4 deep elf sorcerers (Elf:3)
  2 fire giants
  2 iron dragons
  9 frost giants
  The ghost of octoduck the Spry, an adept DEFE of Vehumet (Swamp:4)
  Louise (Swamp:1)
  2 imperial myrmidons (Desolation)
  4 deep elf elementalists
  11 vault wardens
  4 spriggan defenders
  A reaper (Lair:3)
  3 orc warlords
  A ghoul (Swamp:4)
  17 ironbound preservers
  2 cacodemons
  4 quicksilver oozes
  Aizul (Snake:2)
  A draconian annihilator (Depths:4)
  40 very ugly things
  A war gargoyle (Vaults:1)
  4 ironbound thunderhulks
  A draconian stormcaller (Depths:4)
  9 stone giants
  8 deep elf demonologists
  4 eleionomae
  10 dire elephants
  4 vampire knights
  2 black draconians (Depths:4)
  11 deep elf annihilators
  2 lorocyprocas (WizLab)
  A green draconian (Depths:4)
  A purple draconian (Depths:4)
  A white draconian (Depths:4)
  A demonspawn black sun (WizLab)
  3 bunyips
  2 halazid warlocks (Desolation)
  2 red draconians (Depths:4)
  2 crystal guardians (Desolation)
  A green death (WizLab)
  Snorg (Orc:1)
  The ghost of asti the Cleaver, a journeyman MiBe of Trog (D:12)
  4 deep elf death magi
  10 ettins
  A blizzard demon (Depths:2)
  2 entropy weavers (Vaults:1)
  6 fire dragons
  3 shambling mangroves
  3 jiangshi
  13 yaktaur captains
  6 deep elf high priests
  Fannar (Lair:1)
  9 great orbs of eyes
  21 hydras
  7 ice dragons
  Harold (Lair:1)
  A rakshasa (Abyss:3)
  3 ragged hierophants (Desolation)
  37 vault guards
  6 servants of whispers (Desolation)
  7 peacekeepers
  The ghost of Pimp the Cleaver, a journeyman DsFi of Okawaru (D:12)
  5 salamander tyrants (Snake:4)
  A caustic shrike simulacrum (IceCv)
  6 spriggan air magi
  7 boulder beetles
  3 hell beasts (WizLab)
  2 ogre magi
  2 ghost crabs
  8 ironbound frosthearts
  2 catoblepae
  An anaconda (shapeshifter) (Vaults:1)
  12 alligators
  15 centaur warriors
  33 dancing weapons
  12 two-headed ogres
  16 anacondas
  13 naga warriors
  8 tengu warriors
  3 thrashing horrors (Abyss:3)
  4 deep troll shamans
  2 death yaks
  A vampire mage (Depths:1)
  8 deep troll earth magi
  9 shock serpents
  6 spriggan berserkers
  13 orc high priests
  9 naga sharpshooters
  26 spriggans
  19 deep elf knights
  A wretched star (Abyss:3)
  7 goliath frogs
  4 sixfirhies
  2 soul eaters
  A shadow wraith (Vaults:1)
  A bunyip zombie (Abyss:3)
  8 naga ritualists
  5 salamander mystics
  5 iron trolls
  A death drake (Swamp:2)
  A skeletal warrior (D:13)
  A spatial maelstrom (Abyss:3)
  5 glowing orange brains
  63 deep trolls
  A skyshark (Lair:2)
  5 spriggan druids
  Pikel (D:8)
  8 bog bodies
  14 lindwurms
  3 orange crystal statues
  23 ironbound convokers
  7 deep elf archers
  4 wizards
  17 swamp dragons
  2 phantasmal warriors
  3 harpies (Vaults:1)
  28 deep elf pyromancers
  4 starcursed masses (Abyss:3)
  6 shining eyes
  A harpy (shapeshifter) (D:13)
  2 necromancers
  4 orc knights
  28 deep elf zephyrmancers
  4 orc sorcerers
  41 ugly things
  16 mana vipers
  A wolf spider (shapeshifter) (Depths:3)
  3 cyclopes
  2 moths of wrath (Swamp:3)
  20 salamanders
  6 will-o-the-wisps
  A worldbinder (Abyss:3)
  35 black mambas
  Joseph (D:8)
  An apocalypse crab (Abyss:3)
  Maurice (D:8)
  4 manticores
  6 molten gargoyles
  A water nymph (Abyss:3)
  A toenail golem (Volcano)
  A smoke demon (Depths:2)
  9 guardian serpents
  5 rust devils
  17 naga magi
  2 eyes of devastation
  A guardian serpent (shapeshifter) (Vaults:4)
  7 torpor snails
  5 orange demons
  A gargoyle (D:12)
  13 vault sentinels
  8 cane toads
  A hellion (WizLab)
  A cane toad (shapeshifter) (D:14)
  6 unseen horrors
  Maggie (D:10)
  51 yaktaurs
  A tormentor (WizLab)
  6 rime drakes
  9 freezing wraiths
  9 komodo dragons
  6 tengu conjurers
  5 efreet
  2 golden dragon simulacra (IceCv)
  An ancient zyme (Abyss:3)
  3 ice devils
  A redback zombie (Vaults:1)
  6 red devils
  7 trolls
  A bloated husk (Swamp:3)
  3 polar bears
  4 hellwings
  12 tyrant leeches
  A polar bear (shapeshifter) (D:13)
  A wolf spider simulacrum (D:14)
  41 saltlings
  8 raiju (Abyss:3)
  Grinder (D:5)
  30 hornets
  21 blink frogs
  3 large abominations (Abyss:3)
  An air elemental (Elf:3)
  5 shadows
  127 slime creatures
  12 water elementals
  2 centaur simulacra (D:14)
  3 ynoxinuls
  7 wyverns
  3 wraiths
  Eustachio (D:5)
  A vampire (D:11)
  42 yaks
  A human (Lair:3)
  12 basilisks
  3 dire elephant simulacra (IceCv)
  9 fire elementals
  13 golden eyes
  A fire bat (Abyss:3)
  3 steam dragons
  19 vampire mosquitoes
  2 neqoxecs
  A redback (Vaults:1)
  6 chaos spawn
  11 wargs
  37 nagas
  Menkaure (D:4)
  A spatial vortex (Abyss:3)
  6 acid dragons
  26 swamp worms
  9 water moccasins
  Duvessa (D:5)
  9 hydra simulacra
  A floating eye (Slime:4)
  26 orc warriors
  13 swamp drakes
  2 sky beasts
  A deep troll simulacrum (Vaults:1)
  4 ettin simulacra (IceCv)
  A black bear (D:6)
  A tengu (Swamp:4)
  7 ogres
  4 small abominations (Abyss:3)
  21 wolves
  11 centaurs
  2 phantoms
  An elf zombie (Ossuary)
  2 kobold brigands
  An earth elemental (Elf:1)
  8 bullfrogs
  A human skeleton (Vaults:1)
  4 wights (D:6)
  Dowan (D:5)
  2 lindwurm simulacra (IceCv)
  11 killer bees
  6 electric eels
  3 howler monkeys (D:10)
  A centaur zombie (Ossuary)
  A quasit (Abyss:3)
  2 human zombies
  29 orc priests
  3 gnoll boudas
  9 hounds
  3 iron imps (Abyss:3)
  3 jellies
  6 iguanas
  18 orc wizards
  6 hell rats (Lair:5)
  A boggart simulacrum (D:14)
  2 mummies (Ossuary)
  16 gnolls
  A gnoll (shapeshifter) (D:13)
  11 adders
  A shadow imp (D:8)
  4 white imps
  2 ufetubi
  An adder zombie (Ossuary)
  2 worms
  81 orcs
  3 ball pythons (D:1)
  6 endoplasms
  3 giant cockroaches
  8 goblins
  8 hobgoblins
  10 jackals
  7 quokkas
  2 bats
  2 frilled lizards
  2 goblin zombies (Ossuary)
  7 hobgoblin zombies (Ossuary)
  A jackal zombie (Ossuary)
  9 kobolds
  7 kobold zombies (Ossuary)
  14 orc zombies (Ossuary)
  5 rats
  2 rat zombies (Ossuary)
  A spectral goblin (D:2)
  2 briar patches (Lair:2)
  2 fire vortices (Volcano)
  A starspawn tentacle (Abyss:3)
2180 creatures vanquished.

Vanquished Creatures (collateral kills)
  A juggernaut (Depths:4)
  A bone dragon (Abyss:3)
  A deep elf blademaster (Abyss:3)
  11 acid blobs
  2 tentacled starspawn (Abyss:3)
  The ghost of ryw the Fighter, an adept DsMo of Hepliaklqana (Swamp:3)
  A shadow dragon (Vaults:5)
  A tengu reaver (Abyss:3)
  6 azure jellies (Slime:5)
  4 rockslimes (Slime:5)
  A vault warden (Vaults:2)
  A deep elf elementalist (Abyss:3)
  A very ugly thing (Vaults:5)
  3 quicksilver oozes
  A cacodemon (WizLab)
  2 ironbound preservers
  An ironbound thunderhulk (Vaults:2)
  7 dire elephants
  2 blizzard demons (Abyss:3)
  A shambling mangrove (Abyss:3)
  3 ragged hierophants (Desolation)
  An ettin (Depths:4)
  The ghost of patfeehan111222 the Basher, a journeyman MiBe of Trog (D:12)
  2 great orbs of eyes (Slime:5)
  A yaktaur captain (Vaults:2)
  The ghost of avis the Skirmisher, a journeyman DgHs (D:12)
  4 servants of whispers (Desolation)
  3 vault guards
  A rakshasa (Abyss:3)
  A centaur warrior (Vaults:3)
  A tengu warrior (Depths:2)
  A deep troll shaman (Depths:2)
  A deep troll earth mage (Depths:2)
  A spriggan berserker (Swamp:4)
  A thrashing horror (Abyss:3)
  A skeletal warrior (Vaults:2)
  An iron troll (Depths:4)
  11 deep trolls
  2 deep elf archers (Vaults:5)
  An iron giant skeleton (Abyss:3)
  2 ironbound convokers
  A wizard (Vaults:2)
  2 worldbinders (Abyss:3)
  A rust devil (WizLab)
  2 smoke demons
  A yaktaur (Vaults:2)
  2 ancient zymes (Abyss:3)
  4 saltlings (Desolation)
  2 hornets (Abyss:3)
  2 raiju (Abyss:3)
  12 slime creatures
  3 ynoxinuls
  A water elemental (Abyss:3)
  10 starcursed masses (Abyss:3)
  A neqoxec (Abyss:3)
  2 fire bats (Abyss:3)
  3 large abominations (Abyss:3)
  A spatial vortex (Abyss:3)
  5 small abominations (Abyss:3)
  2 quasits (Abyss:3)
  A starspawn tentacle (Abyss:3)
148 creatures vanquished.

Vanquished Creatures (others)
  Asterion (Vaults:2)
  A wizard (Vaults:2)
  A tengu conjurer (D:15)
  A bloated husk (Swamp:1)
  A swamp drake (Swamp:4)
  An earth elemental (Volcano)
  An orc wizard (Orc:1)
  8 demonic plants (D:13)
  2 fire vortices (Volcano)
  14 foxfires
  13 fungi
  51 plants
  12 starspawn tentacles (Abyss:3)
  9 toadstools (Swamp:1)
  2 withered plants (D:12)
118 creatures vanquished.

Grand Total: 2446 creatures vanquished

Notes
Turn   | Place    | Note
-------+----------+-------------------------------------------
     0 | D:1      | AzureAlchemist the Barachi Earth Elementalist began the
                  | quest for the Orb.
     0 | D:1      | Reached XP level 1. HP: 13/13 MP: 3/3
   169 | D:1      | Reached XP level 2. HP: 19/19 MP: 3/5
   579 | D:1      | Reached XP level 3. HP: 24/24 MP: 4/6
   956 | D:2      | Found a faded altar of an unknown god.
  1117 | D:2      | Reached XP level 4. HP: 30/30 MP: 5/7
  1239 | D:2      | Found Casebis's Book Shoppe.
  1271 | D:2      | Reached skill level 5 in Earth Magic
  1636 | D:3      | Reached XP level 5. HP: 35/35 MP: 4/8
  2033 | D:3      | Learned a level 2 spell: Passwall
  2037 | D:3      | Learned a level 3 spell: Stone Arrow
  2140 | D:4      | Found a staircase to the Ecumenical Temple.
  2152 | Temple   | Entered the Ecumenical Temple
  2164 | Temple   | Became a worshipper of Cheibriados the Contemplative
  2260 | D:4      | Noticed a phantom
  2268 | D:4      | Reached skill level 1 in Conjurations
  2271 | D:4      | Killed a phantom
  2272 | D:4      | Reached XP level 6. HP: 41/41 MP: 3/9
  2411 | D:4      | Noticed Menkaure
  2416 | D:4      | Killed Menkaure
  2422 | D:4      | Learned a level 4 spell: Petrify
  2958 | D:5      | Entered Level 5 of the Dungeon
  2967 | D:5      | Noticed a water moccasin
  2972 | D:5      | Killed a water moccasin
  2973 | D:5      | Reached XP level 7. HP: 46/46 MP: 5/11
  3158 | D:5      | Noticed Grinder
  3162 | D:5      | Paralysed by Grinder for 5 turns
  3482 | D:5      | Found a broken altar of Ashenzari.
  3530 | D:5      | Paralysed by Grinder for 5 turns
  3537 | D:5      | Identified a scroll of acquirement
  3537 | D:5      | Acquired the +3 pair of gauntlets of War {Slay+5}
  3537 | D:5      | Found the +3 pair of gauntlets of War {Slay+5}
  3574 | D:5      | Killed Grinder
  3593 | D:5      | Noticed Duvessa
  3603 | D:5      | Noticed Dowan
  3675 | D:5      | Reached * piety under Cheibriados
  3700 | D:5      | Killed Duvessa
  3701 | D:5      | Reached skill level 5 in Transmutations
  3701 | D:5      | Reached XP level 8. HP: 36/52 MP: 6/12
  3794 | D:5      | Noticed Eustachio
  3832 | D:5      | Killed Eustachio
  4003 | D:5      | Killed Dowan
  4246 | D:5      | Reached skill level 1 in Short Blades
  4451 | D:6      | Found a shadowy altar of Dithmenos.
  4548 | D:6      | Found Wonuph's Serpentskin Sales.
  4550 | D:6      | Reached ** piety under Cheibriados
  4596 | D:6      | Found a glowing silver altar of Zin.
  4858 | D:6      | Acquired a +3 quick blade of draining
  4867 | D:6      | Found a white marble altar of Elyvilon.
  4951 | D:6      | Reached XP level 9. HP: 57/57 MP: 3/13
  5438 | D:2      | Bought a book of the Earth for 432 gold pieces
  5986 | D:7      | Found a sand-covered staircase.
  5990 | Ossuary  | Entered an ossuary
  6052 | Ossuary  | Reached *** piety under Cheibriados
  6310 | D:7      | Reached skill level 5 in Stealth
  6407 | D:7      | Found an ornate altar of the Wu Jian Council.
  6474 | D:7      | Reached skill level 5 in Short Blades
  6639 | D:7      | Learned a level 5 spell: Lee's Rapid Deconstruction
  6642 | D:7      | Found a burning altar of Makhleb.
  6644 | D:7      | Noticed a cacodemon
  6804 | D:7      | Reached **** piety under Cheibriados
  7106 | D:7      | Found an opulent altar of Gozag.
  7267 | D:8      | Noticed Pikel
  7267 | D:8      | Noticed a two-headed ogre
  7279 | D:8      | Killed a two-headed ogre
  7280 | D:8      | Reached XP level 10. HP: 43/63 MP: 7/16
  7286 | D:8      | Killed Pikel
  7455 | D:8      | Noticed Joseph
  7491 | D:8      | Killed Joseph
  7691 | D:8      | Found a shimmering blue altar of Sif Muna.
  7863 | D:8      | Found a staircase to the Lair.
  7872 | D:8      | Reached ***** piety under Cheibriados
  7932 | D:8      | Found a stormy altar of Qazlal.
  8078 | D:8      | Found a blossoming altar of Fedhas.
  8243 | D:8      | Noticed Maurice
  8258 | D:8      | Killed Maurice
  8302 | D:8      | Reached XP level 11. HP: 61/68 MP: 2/17
  8503 | Lair:1   | Entered Level 1 of the Lair of Beasts
  8515 | Lair:1   | Reached skill level 1 in Fighting
  8515 | Lair:1   | Reached skill level 10 in Earth Magic
  8693 | Lair:1   | Noticed Harold
  8731 | Lair:1   | Killed Harold
  8802 | Lair:1   | Reached skill level 5 in Dodging
  8877 | Lair:1   | Reached skill level 5 in Fighting
  9267 | Lair:1   | Noticed Gastronok
  9714 | Lair:1   | Killed Gastronok
  9790 | Lair:1   | Noticed Fannar
  9808 | Lair:1   | Killed Fannar
 10073 | Lair:2   | Found a transporter.
 10191 | Lair:2   | Reached XP level 12. HP: 92/92 MP: 18/18
 10274 | Lair:2   | Reached skill level 5 in Spellcasting
 10342 | Lair:2   | Noticed a death yak
 10397 | Lair:2   | Killed a death yak
 10539 | Lair:2   | Found a transporter.
 10548 | Lair:2   | Reached ****** piety under Cheibriados
 10782 | Lair:2   | Reached skill level 1 in Invocations
 10842 | Lair:2   | Found a staircase to the Swamp.
 11562 | Lair:3   | Noticed a seven-headed hydra
 11572 | Lair:2   | Reached skill level 1 in Armour
 11710 | Lair:3   | Killed a seven-headed hydra
 11755 | Lair:3   | Found a staircase to the Snake Pit.
 12171 | Lair:3   | You are sucked into a shaft and drop 2 floors!
 12171 | Lair:5   | Entered Level 5 of the Lair of Beasts
 12204 | Lair:5   | Reached skill level 5 in Invocations
 12228 | Lair:5   | Gained mutation: You can hop long distances. [Barachi
                  | growth]
 12228 | Lair:5   | Reached XP level 13. HP: 63/98 MP: 25/25
 12231 | Lair:5   | Reached skill level 5 in Armour
 12703 | Lair:4   | Found a dark tunnel.
 12708 | Volcano  | Entered a volcano
 14638 | Lair:3   | Found a runed translucent door.
 14659 | Lair:3   | Noticed a reaper
 14665 | Lair:3   | Killed a reaper
 14700 | Lair:3   | Identified the ring "Naegod" {Will+ Slay+5 SInv}
 14867 | Lair:5   | Found a staircase to the Slime Pits.
 14867 | Lair:5   | Found a viscous altar of Jiyva.
 14986 | Lair:5   | Got the Directory of Wanderlust
 15120 | Lair:5   | Noticed a fire dragon
 15132 | Lair:5   | Killed a fire dragon
 15137 | Lair:5   | Reached skill level 10 in Invocations
 15604 | Lair:5   | Reached XP level 14. HP: 99/105 MP: 15/26
 15792 | Lair:5   | Found a runed translucent door.
 16220 | Lair:5   | Identified the +9 rapier "Kuiph" {flame, rF+ rN+ Dex-3}
 16586 | Lair:5   | Reached skill level 10 in Fighting
 17281 | D:9      | Found a basalt altar of Yredelemnul.
 17587 | D:10     | Entered Level 10 of the Dungeon
 17650 | D:10     | Noticed Maggie
 17686 | D:10     | Killed Maggie
 17734 | D:10     | Found a sparkling altar of Nemelex Xobeh.
 17736 | D:10     | Found a hazy altar of Hepliaklqana.
 17799 | D:10     | Found a staircase to the Orcish Mines.
 18180 | Orc:1    | Entered Level 1 of the Orcish Mines
 18293 | Orc:1    | Noticed Snorg
 18300 | Orc:1    | Killed Snorg
 18805 | Orc:1    | Noticed an orc warlord
 18824 | Orc:1    | Killed an orc warlord
 18962 | Orc:1    | Reached skill level 10 in Dodging
 18970 | Orc:1    | Noticed an orc warlord
 18976 | Orc:1    | Found Otiezin's Distillery.
 18979 | Orc:1    | Found Toutt's General Store.
 19422 | Orc:1    | Killed an orc warlord
 19524 | Orc:2    | Entered Level 2 of the Orcish Mines
 19845 | Orc:2    | Reached XP level 15. HP: 120/120 MP: 19/27
 20834 | Orc:2    | Found a staircase to the Elven Halls.
 20847 | Orc:2    | Found Ziypogue's Jewellery Boutique.
 20847 | Orc:2    | Found Cikufism's General Store.
 21316 | Orc:2    | Found Imuckoj's Weapon Emporium.
 21316 | Orc:2    | Found Atymocent's Weapon Boutique.
 21666 | D:11     | Reached skill level 10 in Spellcasting
 21770 | D:11     | Found a portal to a secret trove of treasure.
 21847 | D:11     | Found a flickering gateway to a bazaar.
 21868 | Bazaar   | Entered a bazaar
 21868 | Bazaar   | Found Aligotogae's Assorted Antiques.
 21868 | Bazaar   | Found Ulocis's Armour Shop.
 21868 | Bazaar   | Found Wounkelish's Weapon Shop.
 21868 | Bazaar   | Found Soch's Antique Weapon Boutique.
 21868 | Bazaar   | Found Ziq Woem's Weapon Boutique.
 21888 | Bazaar   | Bought a scroll labelled ZUYQORETOCI for 24 gold pieces
 21888 | Bazaar   | Bought a scroll of magic mapping for 180 gold pieces
 22453 | D:12     | Found a runed translucent gate.
 22453 | D:12     | Found a runed translucent gate.
 22453 | D:12     | Found a runed translucent gate.
 22455 | D:12     | Noticed Pimp's ghost (journeyman DsFi)
 22457 | D:12     | Noticed avis's ghost (journeyman DgHs)
 22459 | D:12     | Noticed patfeehan111222's ghost (journeyman MiBe)
 22459 | D:12     | Noticed asti's ghost (journeyman MiBe)
 23707 | D:13     | Identified the +5 war axe of Baugadiz {speed, rElec Str+2
                  | Dex+3}
 23959 | D:13     | Identified the +0 broad axe of Fragile Peace {heavy, Dex+6}
 23965 | D:13     | Found a gate to the Vaults.
 24081 | D:13     | Reached XP level 16. HP: 98/127 MP: 27/30
 24274 | D:13     | Identified the +1 short sword of Discomfort {freeze, Int+3}
 25376 | D:14     | Found a frozen archway.
 25382 | IceCv    | Entered an ice cave
 25618 | IceCv    | Learned a level 4 spell: Summon Lightning Spire
 25666 | IceCv    | Reached skill level 1 in Summonings
 25666 | IceCv    | Reached skill level 1 in Air Magic
 25919 | IceCv    | Learned a level 6 spell: Iron Shot
 25927 | IceCv    | Learned a level 7 spell: Spellforged Servitor
 26716 | D:15     | Entered Level 15 of the Dungeon
 26995 | D:15     | Reached skill level 5 in Summonings
 27008 | D:15     | Reached skill level 5 in Conjurations
 27651 | D:15     | Found a staircase to the Depths.
 28394 | Snake:1  | Entered Level 1 of the Snake Pit
 28446 | Snake:1  | Found a hazy altar of Hepliaklqana.
 29052 | Snake:1  | Reached XP level 17. HP: 133/133 MP: 23/32
 30630 | Snake:2  | Reached skill level 10 in Summonings
 30945 | Snake:3  | Noticed Aizul
 31003 | Snake:3  | Noticed Vashnia
 31013 | Snake:2  | Killed Vashnia
 31173 | Snake:2  | Killed Aizul
 31567 | Snake:3  | Identified the +0 ring mail of the Storm King {rPois Dex+4
                  | Stlth+}
 31588 | Snake:3  | Reached skill level 10 in Conjurations
 31967 | Snake:3  | Upgraded the game from 0.30-a0-779-g7971cf19c3 to
                  | 0.30-a0-782-ge64f9170bb
 33038 | Snake:3  | Learned a level 5 spell: Summon Mana Viper
 33296 | Snake:4  | Entered Level 4 of the Snake Pit
 33353 | Snake:4  | Reached XP level 18. HP: 140/140 MP: 4/33
 33541 | Snake:4  | Noticed Bai Suzhen
 33817 | Snake:4  | Killed Bai Suzhen
 34037 | Snake:4  | Learned a level 5 spell: Borgnjor's Vile Clutch
 34077 | Snake:4  | Found Uzos Mynocoi's Antique Weapon Shoppe.
 34416 | Snake:4  | Found Fukhur's Jewellery Shoppe.
 34416 | Snake:4  | Found Firajunn's Distillery.
 34419 | Snake:4  | Found Hek Keyluicw's Book Emporium.
 34428 | Snake:4  | Bought a book of Misfortune for 504 gold pieces
 34664 | Orc:2    | Bought a scroll of acquirement for 676 gold pieces
 34664 | Orc:2    | Acquired a +2 hat of stealth
 35917 | Snake:4  | Noticed Donald
 35998 | Snake:4  | Killed Donald
 36629 | Snake:4  | Got a serpentine rune of Zot
 36634 | Snake:4  | Acquired the +0 helmet of Fomnueroril {rN+ Int+2 Stlth+}
 36830 | Swamp:1  | Entered Level 1 of the Swamp
 36980 | Swamp:1  | Noticed Jorgrun
 36984 | Swamp:1  | Noticed Louise
 36989 | Swamp:1  | Killed Jorgrun
 37002 | Swamp:1  | Killed Louise
 37550 | Swamp:1  | Noticed Frances
 37569 | Swamp:1  | Killed Frances
 37894 | Swamp:1  | Identified Roxanne's Directory of Breccia
 37894 | Swamp:1  | Noticed Roxanne
 37899 | Swamp:1  | Killed Roxanne
 38317 | Swamp:2  | Reached XP level 19. HP: 136/146 MP: 26/37
 38685 | Swamp:2  | Reached skill level 15 in Spellcasting
 38701 | Swamp:2  | Identified the +1 robe of Qimeuled {rC+}
 39788 | Swamp:3  | Learned a level 3 spell: Inner Flame
 39793 | Swamp:3  | Learned a level 4 spell: Cause Fear
 39990 | Swamp:3  | Found a transporter.
 40030 | Swamp:3  | Found a bloodstained altar of Trog.
 40030 | Swamp:3  | Noticed ryw's ghost (adept DsMo)
 40078 | Swamp:3  | Reached skill level 1 in Hexes
 40078 | Swamp:3  | Reached skill level 1 in Fire Magic
 40253 | Swamp:3  | Found a transporter.
 40448 | Swamp:4  | Entered Level 4 of the Swamp
 40542 | Swamp:4  | Noticed a tentacled monstrosity
 40611 | Swamp:4  | Found a runed translucent gate.
 40612 | Swamp:4  | Found a runed translucent gate.
 40616 | Swamp:4  | Found a runed translucent gate.
 40629 | Swamp:4  | Noticed octoduck's ghost (adept DEFE)
 41687 | Swamp:4  | Got a decaying rune of Zot
 42167 | Swamp:4  | Killed a tentacled monstrosity
 42168 | Swamp:4  | Reached skill level 5 in Hexes
 42168 | Swamp:4  | Reached skill level 5 in Fire Magic
 42445 | Swamp:4  | Reached skill level 15 in Fighting
 42475 | Swamp:4  | Killed octoduck's ghost
 42909 | Swamp:3  | Killed ryw's ghost
 43870 | Lair:2   | Identified the ring of Kiptenau {Ice rPois MP+9 Str+4
                  | Stlth+}
 43888 | Lair:2   | Learned a level 5 spell: Alistair's Intoxication
 44027 | Elf:1    | Entered Level 1 of the Elven Halls
 44094 | Elf:1    | Found a crumbling gateway.
 44140 | Desolati | Entered the Desolation of Salt
 44255 | Desolati | Reached XP level 20. HP: 162/162 MP: 20/39
 44794 | Desolati | Got the Catalogue of Unreason
 44800 | Desolati | Identified the amulet "Erchil" {Spirit rCorr}
 44804 | Desolati | Identified the +6 long sword of Plog {speed, Dex+2}
 45029 | Desolati | Reached skill level 15 in Dodging
 45239 | Desolati | Identified the +2 leather armour of Pynwoj {Str+4}
 45242 | Desolati | Identified the +2 helmet of Restlessness {Will+ MP-9 Str+4}
 45310 | Desolati | Identified the ring "Cofaefo" {Ice Will+ Str+2 Slay+2}
 45314 | Desolati | Got the Parchment of the Excruciating Iceberg
 45315 | Desolati | Identified the +5 spear of Haunted Indomitability {drain,
                  | *Rage rN++ MP+9 Stlth-}
 45316 | Desolati | Identified the +11 battleaxe of the Dark Horse {venom,
                  | rElec rPois}
 45364 | Desolati | Identified the +8 chain mail "Elereghi" {SInv Stlth+}
 45364 | Desolati | Identified the +3 buckler of Levity {Will+}
 45543 | Elf:1    | Reached skill level 1 in Poison Magic
 45582 | Elf:1    | Reached skill level 1 in Necromancy
 46332 | Elf:1    | Acquired a book of the Moon
 46566 | Elf:1    | Found Wesyozot's Jewellery Shoppe.
 46568 | Elf:1    | Found Emainis's Book Shop.
 46568 | Elf:1    | Found Nifiwuyb's Book Shop.
 46627 | Elf:1    | Bought an Inescapable Atlas for 576 gold pieces
 46627 | Elf:1    | Bought the Unrestrained Analects for 792 gold pieces
 46682 | Elf:1    | Noticed Zenata
 46692 | Abyss:3  | Cast into level 3 of the Abyss (+1 dire flail of
                  | distortion)
 46736 | Abyss:3  | Found a corrupted altar of Lugonu.
 46923 | Abyss:3  | Noticed a bone dragon
 46938 | Abyss:3  | Killed a bone dragon
 46947 | Abyss:3  | Noticed a dread lich
 46959 | Abyss:3  | Paralysed by a dread lich for 3 turns
 46961 | Abyss:3  | Killed a dread lich
 47010 | Elf:1    | Escaped the Abyss
 47032 | Elf:1    | Killed Zenata
 47708 | Abyss:3  | Found a corrupted altar of Lugonu.
 47708 | Abyss:3  | Cast into level 3 of the Abyss (a deep elf demonologist)
 47840 | Abyss:3  | Paralysed by accursed screaming for 1 turns
 47847 | Abyss:3  | Reached XP level 21. HP: 145/168 MP: 34/40
 47852 | Abyss:3  | Learned a level 4 spell: Passage of Golubria
 47881 | Abyss:3  | Gained mutation: Potions are less effective at restoring
                  | your health. [a neqoxec]
 47922 | Abyss:3  | Reached skill level 1 in Translocations
 47926 | Abyss:3  | Reached skill level 15 in Earth Magic
 47975 | Elf:2    | Escaped the Abyss
 48217 | Elf:2    | Reached skill level 5 in Necromancy
 48552 | Elf:2    | Found a runed translucent gate.
 48552 | Elf:2    | Found a runed translucent gate.
 48554 | Elf:2    | Found a runed translucent gate.
 49155 | Elf:2    | Reached skill level 5 in Translocations
 49718 | Elf:3    | Entered Level 3 of the Elven Halls
 49792 | Elf:3    | Found a magical portal.
 49797 | WizLab   | Entered The Hall of the Hellbinder
 50353 | WizLab   | Gained mutation: You are clumsy. (Dex -2) [a cacodemon]
 50452 | WizLab   | Noticed Inuis
 50826 | WizLab   | Found a burning altar of Makhleb.
 50826 | WizLab   | Found the +3 robe of Clouds {*Thunder rCloud rElec}
 50830 | WizLab   | Killed Inuis the Hellbinder
 50871 | WizLab   | Identified the +8 mace of Gin and Tonic {spect, *Noise
                  | Int+9 Dex+4}
 50877 | WizLab   | Got Hiemimi's Directory of the Escort
 50878 | WizLab   | Identified the ring "Vaom" {Fire rCorr Str+2 Stlth+}
 51241 | Elf:3    | Paralysed by an air elemental for 1 turns
 51392 | Elf:3    | Found Vaongaum's Weapon Emporium.
 51399 | Elf:3    | Found Tutimecw's Assorted Antiques.
 51986 | Elf:3    | Reached skill level 15 in Summonings
 52031 | Elf:3    | Reached skill level 10 in Translocations
 52054 | Abyss:3  | Cast into level 3 of the Abyss (a deep elf demonologist)
 52130 | Elf:3    | Escaped the Abyss
 52333 | Elf:3    | Reached XP level 22. HP: 144/175 MP: 19/41
 52427 | Elf:3    | Identified the +4 hand axe of Classification {distort,
                  | rPois rN+ MP+9 Str+3}
 52521 | Elf:3    | Identified the +10 war axe of Hubris {vamp, Fragile Dex+5}
 52554 | Elf:3    | Identified the +5 executioner's axe "Hydra's Demise" {elec,
                  | rC+}
 53056 | Elf:3    | Identified the ring "Zedolam" {Will+ MP+9 Str+5}
 53462 | Elf:3    | Got the Papyrus of the Supportive Switch
 53886 | D:12     | Killed Pimp's ghost
 53942 | D:12     | Killed avis's ghost
 53949 | D:12     | Killed patfeehan111222's ghost
 54307 | D:12     | Killed asti's ghost
 54603 | Vaults:1 | Entered Level 1 of the Vaults
 54606 | Vaults:1 | Reached skill level 1 in Shields
 54713 | Vaults:1 | Reached skill level 15 in Conjurations
 55002 | Vaults:1 | Reached skill level 5 in Shields
 55081 | Vaults:1 | Identified the ring "Nolut" {rElec EV+5 Int+5}
 55737 | Vaults:1 | Reached skill level 10 in Shields
 55964 | Vaults:1 | Noticed jasper's ghost (adept MiBe)
 55965 | Vaults:1 | Found a runed translucent gate.
 55965 | Vaults:1 | Found a runed translucent gate.
 55965 | Vaults:1 | Found a runed translucent gate.
 56537 | Vaults:1 | Found Lyshrumou's Antique Armour Shop.
 56544 | Vaults:1 | Bought a crude scale mail for 315 gold pieces
 56544 | Vaults:1 | Identified the +7 scale mail "Venouh" {Fly rPois rC-} (You
                  | bought it in a shop on level 1 of the Vaults)
 56544 | Vaults:1 | Bought a jewelled ring mail for 315 gold pieces
 56544 | Vaults:1 | Identified the +2 ring mail of the Ornamental Wumpus {rN+}
                  | (You bought it in a shop on level 1 of the Vaults)
 56964 | Vaults:1 | Killed jasper's ghost
 57442 | Vaults:2 | Reached XP level 23. HP: 181/181 MP: 32/42
 58301 | Vaults:2 | Noticed Asterion
 58307 | Vaults:2 | Killed Asterion
 58926 | Vaults:2 | Found a staircase to the Crypt.
 59357 | Abyss:3  | Cast into level 3 of the Abyss (a deep elf demonologist)
 59410 | Abyss:3  | Reached skill level 10 in Necromancy
 59413 | Abyss:3  | Found a corrupted altar of Lugonu.
 59413 | Abyss:3  | Found a corrupted altar of Lugonu.
 59413 | Abyss:3  | Found a corrupted altar of Lugonu.
 59581 | Abyss:3  | Got an abyssal rune of Zot
 59586 | Vaults:3 | Escaped the Abyss
 60086 | Vaults:3 | Found Anemuoti's Book Shop.
 60354 | Vaults:3 | Found a transporter.
 60366 | Vaults:3 | Found a transporter.
 60440 | Vaults:3 | Reached skill level 1 in Ranged Weapons
 61291 | Vaults:4 | Found Oliar's Distillery.
 61338 | Vaults:4 | Found Efeuhoj's Antique Weapon Emporium.
 61488 | Vaults:4 | Reached XP level 24. HP: 188/188 MP: 42/42
 61490 | Vaults:4 | Reached skill level 5 in Ranged Weapons
 62213 | Vaults:4 | Found Daed's Distillery.
 62860 | Vaults:4 | Acquired a book of Death
 62871 | Vaults:4 | Learned a level 8 spell: Infestation
 63313 | Depths:1 | Entered Level 1 of the Depths
 63571 | Depths:1 | Reached skill level 10 in Ranged Weapons
 63619 | Depths:1 | Found a radiant altar of Vehumet.
 64115 | Depths:1 | Found a gateway to Hell.
 64472 | Depths:2 | Found a one-way gate to the infinite horrors of the Abyss.
 64746 | Depths:2 | Found a one-way gate leading to the halls of Pandemonium.
 64859 | Depths:2 | Found Huckoite's Vocational Training.
 65246 | Depths:2 | Upgraded the game from 0.30-a0-782-ge64f9170bb to
                  | 0.30-a0-793-g160f7cfddd
 65400 | Depths:2 | Noticed a juggernaut
 65520 | Depths:2 | Killed a juggernaut
 65959 | Depths:2 | Noticed Mara
 65984 | Depths:2 | Killed Mara
 66093 | Depths:2 | You fall into a shaft and drop 1 floor!
 66408 | Depths:2 | Reached XP level 25. HP: 153/194 MP: 31/42
 66529 | Depths:2 | Found a glowing golden altar of the Shining One.
 67535 | Elf:1    | Bought a Trismegistus Codex for 364 gold pieces
 67541 | Elf:1    | Learned a level 5 spell: Freezing Cloud
 67763 | D:2      | Bought a book of Decay for 360 gold pieces
 67768 | D:2      | Learned a level 4 spell: Dispel Undead
 68633 | Depths:3 | Found a bloodstained altar of Trog.
 68678 | Depths:3 | Reached skill level 15 in Necromancy
 68905 | Depths:4 | Entered Level 4 of the Depths
 69630 | Depths:4 | Noticed a juggernaut
 69642 | Depths:4 | Killed a juggernaut
 69644 | Depths:4 | Found a one-way gateway to a ziggurat.
 69794 | Depths:4 | Noticed a juggernaut
 69799 | Depths:4 | Killed a juggernaut
 69898 | Depths:4 | Found a gate to the Realm of Zot.
 70062 | Depths:4 | Noticed a juggernaut
 70218 | Depths:4 | Killed a juggernaut
 70880 | Slime:1  | Entered Level 1 of the Pits of Slime
 71776 | Slime:1  | Gained mutation: You sometimes lose your temper in combat.
                  | [a shining eye]
 73222 | Slime:4  | Reached XP level 26. HP: 201/201 MP: 37/45
 73433 | Slime:5  | Entered Level 5 of the Pits of Slime
 74301 | Slime:5  | Noticed the Royal Jelly
 75009 | Slime:5  | Learned a level 7 spell: Enfeeble
 75093 | Slime:5  | Found a viscous altar of Jiyva.
 75095 | Slime:5  | Found the +12 glaive of Prune {freeze, Prune}
 75095 | Slime:5  | Found the +12 pair of quick blades "Gyre" and "Gimble"
                  | {protect}
 76008 | Vaults:5 | Entered Level 5 of the Vaults
 77022 | Vaults:5 | Killed from afar by a fire giant

Illustrated notes

Levels and vault maps discovered:
D:1:      lightli_arrival_boilingwater, layout_rooms, serial_forest,
          infiniplex_forest_clump_small, infiniplex_forest_corner_2,
          infiniplex_forest_pool, infiniplex_forest_lined_3,
          infiniplex_forest_clump_double, infiniplex_forest_lined_2,
          infiniplex_forest_lined_room_2, infiniplex_forest_zigzag_2
D:2:      layout_rooms, dreamdust_ecumenical_altar_drowned_temple, serial_shops,
          shop, minmay_heptomino_h4
D:3:      layout_basic
D:4:      layout_basic, minmay_temple_entry_stoned_glass, uniq_menkaure
D:5:      minmay_diamond_boxcup, layout_rooms, nicolae_ashenzari_skybound,
          ebering_dispersal_statue_hall, uniq_grinder, uniq_eustachio,
          uniq_duvessa
D:6:      layout_basic, grunt_dithmenos_smoke,
          mainiacjoe_overflow_catwalk_spiral, guppyfry_shop_venom
D:7:      layout_loops_ring, mainiacjoe_overflow_six_doors_small,
          nicolae_gozag_seed_capital, makhleb_altar_promises_db,
          enter_ossuary_5, hangedman_decor_riveting, st_stairs_8
D:8:      layout_gridville, lemuel_doored_altar, mainiacjoe_overflow_catwalk,
          mainiacjoe_overflow_tiny_flanked, erik_lair_island,
          amcnicky_mini_pool_small, uniq_pikel, uniq_joseph, uniq_maurice
D:9:      layout_rooms, marbit_many_paths
D:10:     layout_cave_pools, jmf_multi_god_temple, minmay_orc_entry_guard_dogs,
          uniq_maggie
D:11:     layout_rooms, serial_shops, bzr_entry_dummy, enter_trove_6
D:12:     layout_cave_pools, gammafunk_ghost_cemetery
D:13:     minmay_the_grid_triangle_9x9_rhombus_thin_mashed
          [minmay_the_grid_triangle_9x9_pentomino_pain,
          minmay_the_grid_triangle_9x9_prize_top_heavy,
          minmay_the_grid_triangle_9x9_alien,
          minmay_the_grid_triangle_9x9_corrupted_corridor], layout_stronghold,
          grunt_vaults_entry_fortified, serial_demonic, serial_demonic_c,
          serial_demonic_b, serial_demonic_a, serial_demonic_g,
          serial_demonic_b, serial_demonic_g, amethyst_killhole
D:14:     layout_small_grid, serial_ice, serial_ice_k, serial_ice_f,
          serial_ice_m, serial_ice_b, portal_ice_cave_entry_pillars_four,
          wad_dig_loot
D:15:     hangedman_depths_entry_civil_slaughter, layout_basic, serial_glass,
          glass_columns_a, glass_columns_a
Temple:   corrupted_temple
Lair:1:   layout_hall_layers, mumra_transporter_accident, uniq_gastronok,
          uniq_harold, uniq_fannar
Lair:2:   gammafunk_worm_tunnel, layout_gridlike, minmay_swamp_entry_swarm
Lair:3:   layout_big_grid, nicolae_snake_entry_squirm, minivault_24,
          pdpol_lair_cabin_in_the_woods
Lair:4:   layout_gridlike, nicolae_volcano_entry_s_turn,
          eino_small_chamber_without_monster, serial_bayou_lake_a,
          infiniplex_staircase_pool
Lair:5:   wormcave, layout_hall_layers, guppyfry_lair_end_dragon,
          nicolae_slime_entry_slimehenge, special_room
          [special_room_mythical_zoo], chequers_serial_rivers_large_a,
          grunt_megastairs_1
Swamp:1:  cheibrodos_swamp_tower_of_moss, layout_falls_marsh, serial_swamp_ruin,
          evilmike_swamp_ruin_house_4, evilmike_swamp_ruin_rubble_1,
          uniq_louise, uniq_jorgrun, uniq_roxanne, uniq_frances
Swamp:2:  layout_basic_swamp, hangedman_swamp_ruin_wall, swamp_pool1
Swamp:3:  layout_basic_swamp, gammafunk_ghost_wrathful_warriors,
          evilmike_swamp_ruin_wall
Swamp:4:  swamp_basic_johnstein, layout_basic_swamp, gammafunk_ghost_split,
          swamp_pool5
Snake:1:  layout_misc_corridors, basic_altar
Snake:2:  layout_misc_corridors, st_stairs_5
Snake:3:  layout_onion_interference, nicolae_snake_omega, uniq_aizul,
          uniq_vashnia
Snake:4:  snake_pit_salamanders_mu, layout_basic, minmay_shoptagon, uniq_donald,
          uniq_bai_suzhen
Slime:1:  layout_caves
Slime:2:  layout_caves, cheibrodos_slime_lost_civilization_7
Slime:3:  layout_caves
Slime:4:  layout_caves, cheibrodos_slime_lost_civilization_5
Slime:5
Orc:1:    cheibrodos_orc_arena, layout_caves, abandoned_shop,
          guppyfry_orc_lava_fort, uniq_snorg
Orc:2:    st_orc_town, layout_caves
Elf:1:    layout_geoelf_octagon, portal_desolation_entry_salt,
          minmay_elf_demonology, minivault_16, grunt_ministairs_12,
          nicolae_elf_vaults_five_recruitment_drive, minmay_shop_grove,
          uniq_zenata
Elf:2:    nicolae_elf_blades_splatter_lattice [infiniplex_blade_entry_pillars],
          layout_gridlike
Elf:3:    minmay_elf_hall_circle, layout_gridlike, mu_enter_wizlab_6,
          minmay_shop_star
Vaults:1: gammafunk_ghost_split, vaults_room_grunt_arrival_checkpoint,
          vaults_mumra_hex, grunt_vaults_focal, vaults_dpeg_ring,
          vaults_room_large_hall, nicolae_vaults_border_crossing,
          grunt_vaults_funneled_arena, vaults_mumra_hexcomb,
          hangedman_vaults_capsules, hangedman_vaults_river_flow,
          nicolae_vaults_little_squares_4, layout_vaults_omnicross,
          serial_shops, shop
Vaults:2: nicolae_vaults_mini_display_case, v_misc_15, nicolae_vaults_alarming,
          minmay_crypt_entry_simple_corners, v_misc_33,
          vaults_mumra_minichess_inversion, ontoclasm_vaults_ring_square,
          nicolae_vaults_little_squares_6, vaults_room_grunt_arrival_ludios,
          layout_vaults_ring, uniq_asterion
Vaults:3: gammafunk_sealed_arena, v_misc_5, v_misc_18, v_misc_29,
          grunt_vaults_hallway_short, nicolae_vaults_ring_of_whatevers,
          hangedman_vaults_stagger, nicolae_vaults_yaktaur_gun_rack,
          layout_vaults_quadrants, serial_shops, shop
Vaults:4: hangedman_vaults_trim, hangedman_vaults_trim, vaults_dpeg_cross,
          v_pattern_4, v_misc_13, hangedman_vaults_variations,
          nicolae_vaults_theta, nicolae_vaults_network_quinsquares
          [nicolae_vaults_network_quincunx_subvault,
          nicolae_vaults_network_quincunx_subvault,
          nicolae_vaults_network_quincunx_subvault,
          nicolae_vaults_network_quincunx_subvault],
          nicolae_vaults_little_squares_5, v_misc_23, ontoclasm_vaults_pinch,
          layout_vaults_omnibox, serial_shops, nicolae_shop_trees,
          nicolae_shop_crystal, nicolae_shop_overgrown_old_shop
Vaults:5: serial_shops
Depths:1: layout_cave_pools, grunt_hell_entry_dis_grunt,
          kennysheep_small_spiral, serial_rivers,
          chequers_serial_rivers_small_3, chequers_serial_rivers_small_b,
          chequers_serial_rivers_small_b, chequers_serial_rivers_large_b,
          nicolae_vehumet_radiance, serial_bayou_shore_b
Depths:2: cheibrodos_hall_of_evolution, layout_basic, hangedman_coc_ice_floe,
          abyss_entry, rand_demon_pan_entry_1, nicolae_tso_swordbearing_angel,
          nicolae_shop_vocational, uniq_mara
Depths:3: nicolae_cairo_tiling_large, layout_gridville, nicolae_wwwww,
          pf_hell_entry_great_geh, abyss_entry_crystal, bloody_trog,
          grunt_megastairs_3
Depths:4: grunt_crosshair, layout_basic, enter_ziggurat_f,
          dreamdust_wishing_well, rand_demon_pan_entry_3,
          hangedman_tar_grid_catacomb

Skill      XL: |  1  2  3  4  5  6  7  8  9 10 11 12 13 14 15 16 17 18 19 20 21 22 23 24 25 26 |
---------------+-------------------------------------------------------------------------------+-----
Earth Magic    | 4 5 6 7 9 10 13 14 15 | 15.0
Conjurations   | 3 4 7 11 13 14 15 | 15.0
Spellcasting   | 3 4 8 10 11 14 15 18 20 | 20.0
Transmutations | 2 5 7 |  7.0
Stealth        | 3 6 8 |  8.0
Short Blades   | 3 6 8 |  8.0
Fighting       | 7 8 12 15 | 15.0
Dodging        | 7 8 11 12 13 15 | 15.0
Invocations    | 5 10 11 | 11.0
Armour         | 4 8 |  8.0
Summonings     | 7 12 13 15 20 | 20.0
Air Magic      | 4 |  4.0
Hexes          | 5 9 |  9.6
Fire Magic     | 5 |  5.0
Poison Magic   | 4 |  4.0
Necromancy     | 4 5 12 13 15 | 15.0
Translocations | 10 11 | 11.0
Shields        | 13 14 | 14.0
Ranged Weapons | 4 12 | 12.0

Action                     |  1- 3 |  4- 6 |  7- 9 | 10-12 | 13-15 | 16-18 | 19-21 | 22-24 | 25-27 || total
---------------------------+-------+-------+-------+-------+-------+-------+-------+-------+-------++-------
  Melee: Dagger            |    13 |       |    24 |       |       |       |       |       |       ||    37
         Whip              |       |       |     1 |       |       |       |       |       |       ||     1
         Punch             |       |       |     1 |       |       |       |       |       |       ||     1
         Quick blade       |       |       |    28 |   326 |   464 |   627 |   707 |   697 |   248 ||  3097
         Rapier            |       |       |       |       |    11 |       |       |       |       ||    11
         Staff             |       |       |       |       |     1 |       |       |     1 |       ||     2
         Mace              |       |       |       |       |       |       |       |     3 |     1 ||     4
   Fire: Shortbow          |    31 |    32 |   152 |       |       |       |       |       |       ||   215
         Hand crossbow     |       |       |       |       |   292 |   136 |   236 |   522 |   332 ||  1518
  Throw: Dart              |       |       |       |       |       |     2 |       |       |       ||     2
   Cast: Sandblast         |    39 |    37 |    81 |    18 |     3 |       |       |       |       ||   178
         Stone Arrow       |       |     2 |    17 |    34 |    28 |     2 |       |       |       ||    83
         Passwall          |       |       |     3 |     1 |     6 |     8 |     3 |     3 |     3 ||    27
         Petrify           |       |       |     4 |    14 |    83 |   273 |   203 |    28 |    24 ||   629
         Lee's Rapid Decon |       |       |     3 |    13 |    91 |    73 |    50 |    51 |     3 ||   284
         Iron Shot         |       |       |       |       |       |     3 |     8 |    10 |    35 ||    56
         Borgnjor's Vile C |       |       |       |       |       |    13 |    70 |   110 |    67 ||   260
         Summon Mana Viper |       |       |       |       |       |     1 |     4 |     4 |     1 ||    10
         Inner Flame       |       |       |       |       |       |       |     9 |     7 |     2 ||    18
         Spellforged Servi |       |       |       |       |       |       |    21 |    30 |    24 ||    75
         Cause Fear        |       |       |       |       |       |       |     6 |     1 |       ||     7
         Alistair's Intoxi |       |       |       |       |       |       |     1 |     2 |       ||     3
         Passage of Golubr |       |       |       |       |       |       |     4 |    11 |     7 ||    22
         Infestation       |       |       |       |       |       |       |       |     3 |       ||     3
         Freezing Cloud    |       |       |       |       |       |       |       |       |    40 ||    40
         Dispel Undead     |       |       |       |       |       |       |       |       |     4 ||     4
 Invoke: Slouch            |       |       |       |       |     2 |       |    12 |     4 |     2 ||    20
         Temporal Distorti |       |       |       |       |       |     1 |       |       |       ||     1
Ability: Hop               |     1 |     3 |     7 |     6 |    19 |    19 |    29 |    14 |    27 ||   125
  Evoke: Wand              |       |       |     1 |     8 |     4 |       |     1 |       |     1 ||    15
         Phial of floods   |       |       |       |       |       |     1 |       |       |       ||     1
         Lightning rod     |       |       |       |       |       |       |     1 |     2 |       ||     3
         Phantom mirror    |       |       |       |       |       |       |       |       |     1 ||     1
    Use: Scroll            |       |     6 |     9 |     6 |    18 |    10 |    12 |     5 |     9 ||    75
         Potion            |       |       |       |       |       |       |       |     2 |       ||     2
   Stab: Petrified         |       |       |     2 |    17 |    73 |   183 |   120 |    15 |    21 ||   431
         Sleeping          |       |       |     1 |     1 |    10 |    10 |    13 |     9 |     1 ||    45
         Distracted        |       |       |       |    10 |    10 |     7 |    18 |    39 |     7 ||    91
         Petrifying        |       |       |       |     1 |    16 |   116 |    95 |    14 |    12 ||   254
         Confused          |       |       |       |       |       |       |       |     3 |       ||     3
 Armour: Robe              |     8 |     3 |    58 |     1 |       |     1 |       |       |       ||    71
         Skin              |       |       |    10 |       |       |       |       |       |       ||    10
         Ring mail         |       |       |       |    44 |   120 |   112 |    90 |    70 |    70 ||   506
  Dodge: Dodged            |    17 |    10 |   110 |   200 |   412 |   701 |   671 |   581 |   330 ||  3032
  Block: Kite shield       |       |       |       |       |       |       |       |   658 |   336 ||   994
         Reflection        |       |       |       |       |       |       |       |       |    43 ||    43

Table legend: (Time is in decaauts)
 A = Elapsed time spent in this place.
 B = Non-inter-level travel time spent in this place.
 C = Inter-level travel time spent in this place.
 D = Time resting spent in this place.
 E = Time spent auto-exploring this place.
 F = Levels seen in this place.
 G = Mean time per level.
                   A        B        C        D        E       F      G
               +--------+--------+--------+--------+--------+-----+--------+
         Total | 119285 | 105950 |  13335 |  19068 |  60558 |  58 | 2056.6 |
       Dungeon |  27910 |  22781 |   5129 |   2754 |  15207 |  15 | 1860.7 |
        Temple |     32 |     32 |      0 |      0 |      4 |   1 |   32.0 |
          Lair |  13727 |  11756 |   1971 |   1324 |   8080 |   5 | 2745.4 |
         Swamp |   9271 |   8455 |    816 |   1684 |   5057 |   4 | 2317.8 |
     Snake Pit |  11730 |  10535 |   1195 |   3539 |   4539 |   4 | 2932.5 |
    Slime Pits |   7585 |   7022 |    563 |   1316 |   3702 |   5 | 1517.0 |
  Orcish Mines |   6218 |   5018 |   1200 |    777 |   2991 |   2 | 3109.0 |
   Elven Halls |  10001 |   9195 |    806 |   2161 |   4556 |   3 | 3333.7 |
        Vaults |  14762 |  13554 |   1208 |   2018 |   8981 |   5 | 2952.4 |
        Depths |  10573 |  10129 |    444 |   1156 |   7008 |   4 | 2643.2 |
         Abyss |   1555 |   1555 |      0 |      4 |      0 |   4 |  388.8 |
        Bazaar |     53 |     53 |      0 |      0 |     45 |   1 |   53.0 |
       Ossuary |    479 |    479 |      0 |     56 |      0 |   1 |  479.0 |
      Ice Cave |    701 |    701 |      0 |    385 |      0 |   1 |  701.0 |
       Volcano |   1043 |   1043 |      0 |    676 |      0 |   1 | 1043.0 |
        Wizlab |   1607 |   1607 |      0 |    681 |    160 |   1 | 1607.0 |
    Desolation |   2032 |   2032 |      0 |    533 |    223 |   1 | 2032.0 |
               +--------+--------+--------+--------+--------+-----+--------+

Top non-repeatable levels by time:
 Snake:4: 4339 daAuts
Vaults:1: 4155 daAuts
Vaults:4: 4008 daAuts
  Lair:5: 3796 daAuts
   Orc:2: 3554 daAuts
Vaults:3: 3551 daAuts
   Elf:2: 3544 daAuts
   Elf:3: 3511 daAuts
    D:13: 3365 daAuts
 Swamp:4: 3364 daAuts
Depths:2: 3335 daAuts
 Snake:2: 3289 daAuts
  Lair:2: 3181 daAuts
Vaults:2: 2958 daAuts
   Elf:1: 2944 daAuts
